Map: Traitor's Exile

Players

OpuS

  • Race: Protoss Protoss
  • League: Platinum
  • Spawn Location: 6:00

Sketchaphone

  • Race: Zerg Zerg
  • League: Platinum
  • Spawn Location: 5:00

RAMemeries - Winner!

  • Race: Terran Terran
  • League: Diamond
  • Spawn Location: 9:00

Computer - Winner!

  • Race: Protoss Protoss
  • League: Silver
  • Spawn Location: 12:00

VOD

Have the link to the VOD?

Description

Time

  • Played on: Feb. 21, 2019, 8:14 p.m.
  • Length: 15:35
Show
View Real Time Build Order
Export as new Build Order

OpuS Protoss 

Build Orders:  

Get SALT Encoding   

  12  0:01  Probe  
  13  0:13  Probe  
  14  0:26  Pylon  
  14  0:28  Probe  
  15  0:40  Probe  
  15  0:48  Probe  
  16  0:53  Gateway  
  17  0:58  Probe  
  17  1:02  Assimilator  
  17  1:04  Assimilator  
  18  1:10  Probe  
  19  1:22  Probe  
  20  1:34  Probe  
  20  1:36  Gateway  
  21  1:41  Cybernetics Core  
  21  1:42  Probe  
  21  1:44  Pylon  
  22  1:52  Probe  
  22  2:00  Probe  
  24  2:08  Probe  
  25  2:17  Warp Gate  
  25  2:22  Stalker  
  27  2:23  Stalker  
  29  2:32  Probe  
  30  2:44  Probe  
  30  2:47  Gateway  
  30  2:48  Gateway  
  30  2:56  Pylon  
  30  3:14  Probe  
  31  3:26  Nexus  
  31  3:30  Pylon  
  31  3:32  Stalker x2  
  35  3:40  Pylon  
  35  3:45  Sentry  
  35  3:46  Sentry  
  39  4:01  Probe  
  38  4:13  Probe  
  39  4:18  Twilight Council  
  39  4:21  Sentry  
  39  4:22  Stalker  
  39  4:23  Stalker x2  
  47  4:28  Probe  
  48  4:38  Probe  
  48  4:40  Probe  
  50  5:02  Blink  
  50  5:06  Stalker x4  
  54  5:07  Probe x2  
  54  5:19  Probe  
  55  5:26  Probe  
  56  5:29  Pylon  
  56  5:31  Pylon, Probe  
  57  5:42  Shield Battery  
  55  5:47  Shield Battery  
  55  5:50  Stalker x2  
  57  6:03  Stalker x2  
  55  6:17  Stalker  
  55  6:20  Probe x2  
  55  6:23  Assimilator  
  57  6:27  Assimilator  
  57  6:32  Probe x2  
  59  6:37  Forge  
  59  6:38  Forge  
  59  6:44  Probe  
  59  6:46  Probe  
  61  6:52  Stalker x3  
  61  6:53  Stalker  
  69  6:56  Probe  
  69  7:01  Probe  
  71  7:06  Protoss Ground Weapons Level 1  
  71  7:07  Protoss Ground Armor Level 1  
  71  7:08  Probe  
  71  7:13  Probe  
  63  7:25  Probe x2  
  59  7:37  Probe  
  59  7:38  Stalker x4  
  68  8:01  Nexus  
  68  8:13  Stalker x2  
  68  8:14  Stalker x2  
  74  8:21  Gateway  
  74  8:25  Dark Shrine  
  74  8:29  Gateway  
  74  8:31  Pylon  
  74  8:43  Pylon  
  74  8:46  Stalker  
  74  8:47  Pylon  
  76  8:51  Templar Archives  
  76  8:55  Stalker  
  76  9:01  Stalker  
  80  9:06  Stalker  
  82  9:19  Robotics Facility  
  82  9:27  Probe x3  
  85  9:39  Stalker x2, Probe  
  85  9:40  Stalker x3  
  96  9:57  Protoss Ground Weapons Level 2  
  96  9:59  Stalker, Protoss Ground Armor Level 2  
  96  10:02  Probe  
  96  10:03  Probe x2  
  96  10:05  Gateway  
  99  10:07  Gateway  
  99  10:13  Observer  
  100  10:30  Probe x3  
  103  10:36  Dark Templar x4  
  103  10:42  Probe  
  112  10:48  Stalker  
  112  10:49  Stalker  
  116  10:53  Probe  
  116  10:54  Probe x2  
  119  11:00  Assimilator  
  119  11:04  Assimilator  
  119  11:05  Probe  
  119  11:06  Probe  
  113  11:25  Stalker x3  
  115  11:26  Stalker x3  
  125  11:34  Probe x2  
  125  11:35  Probe  
  125  11:38  Pylon  
  122  11:46  Probe, Stargate  
  123  11:47  Probe  
  123  11:48  Stargate  
  123  11:49  Pylon  
  124  12:00  Pylon  
  124  12:01  Pylon  
  84  12:25  Stalker x6  
  84  12:26  Stalker x2  
  88  12:37  Gateway  
  74  12:39  Gateway  
  74  12:40  Gateway  
  74  12:43  Gateway  
  72  12:49  Stalker x3  
  72  12:50  Stalker x5  
  87  13:13  Stalker x5  
  87  13:14  Stalker x3  
  91  13:36  Stalker x3  
  91  13:37  Stalker x2  
  71  14:00  Dark Templar x3  
  68  14:24  Pylon  
  68  14:28  Pylon  
  62  14:37  Cybernetics Core  
  58  14:42  Fleet Beacon  
Show
View Real Time Build Order
Export as new Build Order

Sketchaphone Zerg 

Build Orders: Hatch First 

Get SALT Encoding   

  12  0:01  Drone  
  13  0:12  Overlord  
  13  0:18  Drone  
  14  0:31  Drone x2  
  16  0:36  Drone  
  17  0:56  Hatchery  
  16  0:59  Drone  
  16  1:01  Drone  
  18  1:05  Extractor  
  17  1:17  Spawning Pool  
  16  1:21  Drone  
  17  1:27  Drone  
  17  1:30  Drone  
  19  1:50  Overlord  
  19  1:52  Drone  
  20  2:03  Drone  
  20  2:07  Queen  
  23  2:08  Queen  
  23  2:14  Zergling x2  
  26  2:17  Drone  
  26  2:18  Metabolic Boost  
  27  2:32  Roach Warren  
  27  2:35  Drone x2  
  29  2:37  Drone  
  29  2:46  Drone  
  30  2:53  Drone x2  
  30  2:54  Overlord  
  30  2:57  Overlord  
  32  3:07  Zergling x2  
  35  3:12  Roach  
  35  3:18  Zergling x2  
  35  3:26  Roach x3  
  35  3:27  Roach x2  
  45  3:29  Roach  
  47  3:43  Overlord  
  47  3:44  Roach x2  
  51  3:50  Overlord  
  51  3:51  Overlord  
  51  4:01  Drone  
  52  4:13  Ravager  
  52  4:14  Zergling x2  
  52  4:15  Zergling x4  
  52  4:16  Drone x3  
  59  4:23  Drone  
  60  4:28  Spore Crawler  
  60  4:30  Spore Crawler  
  58  4:37  Zergling x2  
  59  4:48  Roach  
  51  5:03  Ravager  
  51  5:12  Lair  
  45  5:14  Extractor  
  45  5:15  Overlord, Drone x2  
  46  5:26  Zergling x8  
  46  5:27  Overlord  
  50  5:28  Hatchery  
  50  5:31  Zergling x2  
  50  5:33  Roach  
  49  5:49  Queen  
  51  6:03  Roach x3  
  51  6:04  Zergling x8  
  59  6:19  Drone  
  59  6:23  Hydralisk Den  
  59  6:24  Drone x3  
  61  6:26  Extractor  
  61  6:28  Extractor  
  61  6:30  Drone x4  
  63  6:40  Glial Reconstitution  
  63  6:43  Drone x2  
  63  6:44  Drone x2  
  67  6:53  Overlord  
  67  6:54  Pneumatized Carapace  
  67  6:59  Queen  
  69  7:02  Drone x6  
  69  7:03  Drone x3  
  78  7:09  Zergling x6  
  74  7:33  Zergling x18  
  70  7:56  Grooved Spines  
  67  8:00  Evolution Chamber  
  67  8:01  Evolution Chamber  
  56  8:19  Burrow  
  56  8:22  Queen  
  58  8:28  Zerg Missile Weapons Level 1  
  58  8:29  Zerg Ground Armor Level 1  
  58  8:30  Overlord x2  
  58  8:38  Overlord  
  58  8:40  Hydralisk x3  
  64  8:43  Hydralisk x3  
  64  8:44  Roach, Lurker Den, Hatchery  
  64  8:45  Roach x2  
  74  8:57  Queen  
  74  8:59  Overlord  
  76  9:04  Overlord  
  76  9:09  Muscular Augments  
  75  9:40  Infestation Pit  
  67  9:56  Zergling x38  
  74  10:14  Overlord, Drone x2  
  74  10:15  Overlord x4  
  74  10:19  Pathogen Glands  
  74  10:20  Hive  
  75  10:23  Spire  
  75  10:26  Hydralisk x3  
  73  10:36  Zerg Missile Weapons Level 2  
  73  10:39  Hydralisk x2  
  77  10:53  Drone x5  
  77  10:56  Hydralisk x2  
  84  10:59  Lurker x2  
  88  11:12  Overlord  
  88  11:16  Roach x5  
  88  11:17  Roach  
  100  11:29  Drone x6  
  100  11:30  Drone x2  
  108  11:33  Extractor  
  108  11:36  Extractor  
  106  11:48  Overseer  
  106  11:53  Hydralisk x6  
  111  12:00  Hydralisk x2  
  110  12:01  Ravager x2  
  110  12:02  Lurker  
  102  12:16  Hydralisk x4  
  102  12:17  Hydralisk  
  97  12:28  Hydralisk x3  
  85  12:49  Hydralisk x3  
  85  12:51  Hydralisk  
  82  12:56  Hydralisk x2  
  84  12:59  Zergling x8  
  84  13:03  Hydralisk  
  84  13:04  Hydralisk  
  90  13:09  Hydralisk  
  75  13:13  Spore Crawler  
  75  13:14  Spore Crawler x2  
  75  13:16  Spore Crawler  
  24  13:47  Spawning Pool  
  23  13:49  Lair  
  23  13:58  Roach x4  
  23  14:01  Drone  
  30  14:32  Ravager  
  31  14:51  Hydralisk Den  
Show
View Real Time Build Order
Export as new Build Order

RAMemeries Terran - Winner!

Build Orders:  

Get SALT Encoding   

  12  0:00  SCV  
  13  0:13  SCV  
  14  0:18  Supply Depot  
  14  0:25  SCV  
  15  0:40  SCV  
  15  0:41  Barracks  
  16  0:47  Refinery  
  16  0:52  SCV  
  17  1:04  SCV  
  18  1:16  SCV  
  19  1:29  Orbital Command  
  19  1:36  Barracks Reactor  
  19  1:50  Command Center  
  19  2:00  SCV  
  20  2:16  Marine x2  
  20  2:17  SCV  
  20  2:20  Barracks  
  23  2:24  Factory  
  23  2:36  Supply Depot  
  23  2:46  Bunker  
  23  2:58  Marine x2, SCV  
  26  3:01  Supply Depot  
  26  3:04  Orbital Command  
  25  3:20  SCV  
  25  3:23  Barracks Tech Lab  
  25  3:24  Factory Tech Lab  
  26  3:30  Marine x2  
  26  3:32  SCV  
  26  3:33  Refinery  
  29  3:35  Refinery  
  29  3:37  SCV  
  30  3:44  Refinery  
  30  3:45  Siege Tank  
  30  3:48  Combat Shield  
  33  3:49  SCV  
  33  3:52  SCV  
  35  4:05  Marine x2  
  35  4:06  Marauder  
  39  4:21  SCV x2  
  41  4:24  Siege Tank  
  41  4:29  Supply Depot  
  41  4:31  Marauder, Marine x2  
  45  4:32  Supply Depot  
  45  4:33  SCV  
  49  4:49  Marine x2  
  48  4:57  Marine  
  42  5:06  Marine  
  43  5:09  Marine  
  44  5:15  Marauder  
  44  5:19  Siege Tank  
  49  5:22  SCV  
  49  5:24  Marine  
  49  5:25  SCV  
  49  5:27  Marine  
  52  5:36  Marauder  
  52  5:42  Marine  
  53  5:43  SCV x2  
  53  5:44  Marine  
  53  5:58  Marauder  
  53  6:00  Marine  
  53  6:02  Marine  
  54  6:04  Siege Tank  
  52  6:19  Marauder, Marine  
  52  6:20  Marine  
  51  6:27  Engineering Bay  
  51  6:29  Engineering Bay  
  51  6:37  Marine, SCV  
  51  6:38  Marine, SCV  
  51  6:39  Barracks  
  55  6:41  Marauder  
  55  6:45  Barracks  
  57  6:49  Barracks, SCV  
  57  6:50  SCV  
  57  6:52  Siege Tank  
  62  7:00  Marine x2  
  64  7:01  SCV  
  64  7:02  Marauder, SCV  
  64  7:04  Stimpack  
  68  7:12  Terran Infantry Weapons Level 1  
  68  7:13  SCV  
  67  7:18  Marine  
  67  7:19  Marine  
  61  7:23  Marauder  
  59  7:32  Siege Tank  
  59  7:34  Marine  
  59  7:35  Marine  
  59  7:36  Marine x2  
  62  7:45  Marauder  
  63  7:54  Marine x2  
  63  7:55  Barracks Tech Lab x2  
  63  7:57  Terran Infantry Armor Level 1  
  65  8:06  Marauder  
  65  8:10  Siege Tank  
  65  8:12  Marine x2  
  68  8:14  SCV x2  
  68  8:17  Concussive Shells  
  70  8:20  Supply Depot  
  70  8:22  Supply Depot  
  70  8:23  Supply Depot  
  70  8:26  Armory  
  70  8:28  Armory  
  70  8:29  Supply Depot  
  70  8:41  Starport, SCV x2  
  70  8:42  Marauder x3  
  78  8:53  SCV x2  
  80  9:03  Marauder  
  80  9:07  SCV x2  
  84  9:12  Terran Infantry Weapons Level 2  
  84  9:18  Command Center  
  84  9:19  SCV x2  
  84  9:21  Starport Reactor  
  84  9:22  Marauder x2  
  84  9:23  Marine x2  
  91  9:33  Marauder  
  91  9:35  SCV x2  
  91  9:38  Supply Depot  
  95  9:39  Supply Depot  
  95  9:40  Marine  
  95  9:41  Marine  
  89  10:00  Marauder  
  89  10:01  Marauder x2, Marine x2  
  89  10:03  Medivac  
  89  10:04  Medivac  
  89  10:05  SCV x2  
  103  10:09  Supply Depot x2  
  103  10:11  Siege Tank  
  103  10:12  Supply Depot  
  106  10:14  Supply Depot  
  106  10:16  Terran Vehicle Weapons Level 1, Supply Depot  
  106  10:17  SCV x2  
  106  10:18  Marine, Terran Vehicle And Ship Armor Level 1  
  112  10:28  Marauder x2  
  112  10:29  SCV  
  112  10:34  Medivac  
  115  10:36  Medivac  
  115  10:38  SCV  
  118  10:45  Orbital Command  
  118  10:49  Refinery  
  118  11:02  Refinery  
  118  11:04  Medivac  
  118  11:05  Medivac  
  119  11:26  Marine x3  
  119  11:27  Marauder x2  
  125  11:41  Command Center  
  125  11:47  Marine x2  
  125  11:48  Marauder  
  125  11:49  Marauder  
  125  11:53  SCV x2  
  118  12:00  Marine  
  109  12:05  Marine x2, SCV  
  112  12:09  Marauder  
  112  12:10  Marauder  
  113  12:18  Marine  
  104  12:23  Marine x2  
  104  12:29  Medivac x2  
  105  12:31  Marauder  
  105  12:32  Marauder  
  102  12:40  Marine  
  102  12:41  Marauder, Marine  
  102  12:44  Missile Turret  
  89  12:59  Marine x2  
  89  13:00  Marauder x2  
  95  13:07  Marine  
  95  13:17  Marine  
  96  13:21  Marauder x2  
  93  13:37  Marine x2  
  93  13:38  Marauder  
  93  13:39  Orbital Command  
  93  13:41  SCV  
  96  13:42  Marauder  
  95  13:49  Marine  
  95  13:54  Marine  
  97  13:59  Marauder  
  97  14:02  Marine  
  100  14:04  Marauder  
  100  14:05  SCV x2  
  100  14:07  Marauder, SCV  
  102  14:12  Marine  
  94  14:21  Marine  
  94  14:22  Marauder  
  97  14:25  Marauder  
  97  14:28  Marine  
  97  14:30  Marine  
  98  14:36  SCV x3  
  101  14:39  Marine  
  101  14:42  Marine  
  103  14:46  Marauder, Marine  
  103  14:48  Marine, SCV  
  106  14:57  Marine  
  104  15:01  Marauder  
  104  15:04  Marauder  
  105  15:08  Marauder  
  105  15:09  Marine  
  103  15:15  Marine  
Show
View Real Time Build Order
Export as new Build Order

Computer Protoss - Winner!

Build Orders: Carriers 

Get SALT Encoding   

  12  0:00  Probe  
  13  0:13  Probe  
  14  0:20  Pylon  
  14  0:25  Probe  
  15  0:38  Probe  
  15  0:41  Gateway  
  16  0:50  Probe  
  16  0:53  Pylon  
  17  1:02  Probe, Assimilator  
  18  1:14  Probe  
  19  1:26  Probe  
  19  1:32  Cybernetics Core  
  20  1:38  Probe  
  21  1:50  Probe  
  22  1:59  Nexus  
  22  2:02  Probe  
  22  2:08  Assimilator  
  23  2:15  Probe  
  24  2:27  Probe  
  25  2:39  Probe  
  26  2:45  Stargate  
  26  2:49  Pylon, Adept  
  26  2:51  Probe  
  29  3:03  Probe  
  30  3:09  Stargate  
  30  3:13  Probe  
  30  3:14  Pylon  
  30  3:15  Probe  
  32  3:25  Probe  
  33  3:27  Probe  
  34  3:36  Void Ray  
  34  3:37  Probe  
  34  3:40  Probe  
  40  3:49  Probe  
  40  3:53  Probe  
  40  4:05  Probe x2  
  40  4:08  Void Ray  
  46  4:13  Probe  
  46  4:17  Probe  
  46  4:18  Assimilator  
  46  4:21  Probe  
  46  4:22  Assimilator  
  48  4:29  Probe  
  50  4:31  Void Ray  
  50  4:32  Probe  
  55  4:41  Probe  
  55  4:44  Probe  
  51  5:04  Probe  
  51  5:05  Void Ray  
  55  5:12  Probe  
  56  5:14  Probe  
  56  5:20  Probe  
  58  5:27  Probe  
  60  5:29  Probe  
  61  5:37  Probe  
  62  6:12  Probe  
  55  6:18  Void Ray  
  55  6:24  Probe x2  
  61  6:29  Protoss Air Weapons Level 1, Stargate  
  61  6:36  Probe  
  61  6:38  Nexus  
  62  6:42  Assimilator  
  62  6:46  Pylon, Assimilator  
  62  6:48  Pylon  
  62  6:57  Fleet Beacon  
  62  6:59  Stargate  
  62  7:00  Void Ray  
  62  7:04  Probe x2, Void Ray  
  72  7:15  Void Ray  
  72  7:16  Probe x2  
  70  7:28  Probe x2  
  66  7:37  Void Ray  
  60  8:08  Void Ray  
  60  8:10  Void Ray  
  68  8:17  Probe x3  
  71  8:29  Probe x3  
  74  8:41  Probe x2  
  74  8:43  Probe  
  74  8:44  Void Ray  
  81  8:53  Probe x2  
  83  8:55  Probe  
  83  9:01  Carrier, Protoss Air Armor Level 1  
  90  9:05  Probe  
  90  9:08  Pylon  
  91  9:22  Pylon  
  91  9:26  Carrier  
  97  9:36  Probe x3  
  97  9:42  Carrier  
  102  10:11  Nexus  
  102  10:14  Pylon x2  
  102  10:32  Probe x2  
  110  10:35  Carrier  
  110  10:42  Pylon  
  110  10:45  Pylon, Protoss Air Weapons Level 2  
  110  11:00  Probe x2  
  110  11:01  Carrier  
  111  11:04  Pylon  
  111  11:05  Pylon  
  105  11:13  Probe x2  
  106  11:25  Probe  
  107  11:26  Carrier  
  107  11:30  Probe  
  114  11:43  Probe  
  115  11:48  Robotics Facility  
  115  11:55  Probe  
  116  12:07  Probe  
  117  12:19  Carrier  
  117  12:20  Carrier  
  111  12:36  Observer  
  112  12:46  Probe  
  112  12:47  Probe x2  
  115  13:19  Observer  
  104  13:36  Carrier  
  104  13:37  Carrier  
  104  13:40  Observer  
  117  13:54  Carrier  
  117  13:55  Carrier  
  123  14:31  Probe x3  
  126  14:42  Stargate  
  132  14:47  Probe x2  
  132  14:48  Probe  
  135  14:59  Probe  
  142  15:00  Nexus  
  142  15:04  Assimilator  
  142  15:08  Assimilator  
  154  15:35  Pylon  
Tags
 
Add a new tag
Caveats
  • Supply blocks, unpowered buildings, or Contaminate may cause inaccurate times.
  • Supply counts are checked every 10 seconds.